 Dungeon Crawl Stone Soup version 0.30.0-19-gbf45117a57 (webtiles) character file.

Game seed: 14159235194027157973

6125 qw the Cleaver (level 10, -4/64 HPs)
             Began as a Gargoyle Fighter on May 23, 2023.
             Slain by an orange demon (8 damage)
             ... led by Amaemon
             ... on level 9 of the Dungeon.
             The game lasted 00:03:45 (9423 turns).

qw the Cleaver (Gargoyle Fighter)                   Turns: 9423, Time: 00:03:45

Health: -4/64      AC: 23    Str: 24    XL:     10   Next: 89%
Magic:  10/10      EV:  7    Int:  9    God:
Gold:   384        SH:  4    Dex:  9    Spells: 9/9 levels left

rFire   . . .        Y - +2 war axe (chaos)
rCold   . . .        c - +0 buckler
rNeg    + . .        k - +0 plate armour
rPois   inf          n - +0 helmet
rElec   +            h - +0 cloak
rCorr   +            (no gloves)
SInv    .            (no boots)
Will    .....        (no amulet) Stlth
                     r - ring of resist corrosion
HPRegen 0.30/turn    (no ring)
MPRegen 0.12/turn

%: no passive effects
@: no status effects
A: sickness immunity, AC +7, negative energy resistance 1, electricity
resistance, torment resistance 1, petrification resistance
a: no special abilities


You were on level 9 of the Dungeon.
You visited 2 branches of the dungeon, and saw 10 of its levels.
You also visited: Sewer.

You collected 384 gold pieces.


Innate Abilities, Weirdness & Mutations

You are immune to sickness and miasma.
Your stone body is resilient. (AC +7)
You are immune to poison.
You resist negative energy. (rN+)
You are resistant to electric shocks. (rElec)
You are resistant to unholy torment.
You are immune to petrification.


   Skills:
 - Level 8.3 Fighting
 + Level 10.8 Axes
 - Level 4.1 Throwing
 - Level 7.3 Armour
 - Level 1.5 Dodging
 - Level 5.1 Shields


You had 9 spell levels left.
You didn't know any spells.
Your spell library was empty.

Inventory:

Hand Weapons
 u - a +7 flail of protection
 Y - a +2 war axe of chaos (weapon)
Missiles
 i - 6 boomerangs (quivered)
Armour
 b - the +4 ring mail of the Heron {rCorr}
   (You found it on level 6 of the Dungeon)

   rCorr:     It protects you from acid and corrosion.
 c - a +0 buckler (worn)
 h - a +0 cloak (worn)
 k - a +0 plate armour (worn)
 n - a +0 helmet (worn)
Jewellery
 r - a ring of resist corrosion (left hand)
Wands
 p - a wand of digging (5)
Scrolls
 a - 8 scrolls of identify
Potions
 d - 2 potions of might
 f - 3 potions of curing
 g - a potion of mutation
 l - 2 potions of attraction
 m - 2 potions of lignification
 o - 2 potions of haste

Dungeon Overview and Level Annotations

Branches:
Dungeon (9/15)             Temple (1/1) D:5            Lair (0/5) D:8
  Sewer (visited)
    Orc: D:9-12

Altars:
Ashenzari
Cheibriados
Dithmenos
Fedhas
Gozag
Hepliaklqana
Kikubaaqudgha
Makhleb
Qazlal
Sif Muna
Trog
Vehumet
Wu Jian
Xom
Yredelemnul
Zin

Shops:
D:7 [

Annotations:
D:3 1 runed translucent door, Crazy Yiuf
D:7 2 transporters, qw's ghost, novice GrFi
D:9 Erolcha


Message History

You slice Amaemon!!
Amaemon looks as sick as possible!
Amaemon is almost dead.
Amaemon hits you but does no damage. Amaemon claws you.
Amaemon tail-slaps you but does no damage.
The orange demon stings you but does no damage.
You hit Amaemon. You drain Amaemon.
Amaemon is almost dead.
You block Amaemon's attack. Amaemon claws you but does no damage.
Amaemon tail-slaps you but does no damage.
The orange demon stings you but does no damage.
Amaemon hits you with a -1 demon whip of venom!
Amaemon barely misses you.
Amaemon tail-slaps you but does no damage.
You slash Amaemon!
You kill Amaemon!
The orange demon stings you but does no damage.
The orange demon stings you.
The orange demon hits you but does no damage.
Erolcha tries to grin evilly.
Erolcha mumbles some strange words.
Erolcha flickers and vanishes!
Deactivating autopickup; reactivate with Ctrl-A.
Things that are here:
a -1 demon whip of venom; the demonspawn corpse of Amaemon You closely miss the orange demon.
The orange demon is severely wounded.
You block the orange demon's attack.
The orange demon hits you but does no damage.
You hit the orange demon but do no damage.
The orange demon is poisoned.
The orange demon is severely wounded.
The orange demon closely misses you.
The orange demon hits you but does no damage.
You barely miss the orange demon.
The orange demon is severely wounded.
The orange demon completely misses you. The orange demon hits you.
You completely miss the orange demon.
The orange demon is severely wounded.
The orange demon stings you!
You die...

.# ..# ## .8.< .#
##....# ' ..#### #.
....... #. ....... #..
####+## #'### #{4.# #@#
###'###### ###+##
#........# #....####
#.....(..#
#....'..####........#
###...%##...##......$.#
..'....####.%#......>.#
###....# ##.%........#
#....# ###........#


You could see an orange demon (agile, curare, very poisoned).

Vanquished Creatures
  Erica (D:8)
  A two-headed ogre (D:9)
  Amaemon (D:9)
  Pikel (D:5)
  A rime drake (D:8)
  A polar bear (D:8)
  A hornet (D:8)
  Sigmund (D:2)
  Edmund (D:6)
  Duvessa (D:5)
  6 orc warriors
  4 ice beasts
  An ogre (D:5)
  A sky beast (D:8)
  2 black bears
  2 wolves (D:8)
  A centaur (D:8)
  3 lemures (D:5)
  A bullfrog (D:6)
  Dowan (D:5)
  6 howler monkeys
  2 hounds
  2 jellies (D:5)
  8 orc priests
  3 sleepcaps
  4 iguanas
  Natasha (thrice) (D:2)
  9 orc wizards
  2 gnolls (D:5)
  10 adders
  A river rat (D:5)
  4 white imps
  2 ufetubi (Sewer)
  A worm (D:4)
  4 dart slugs
  23 orcs
  7 endoplasms
  2 giant cockroaches
  6 goblins
  6 hobgoblins
  2 jackals (D:3)
  3 quokkas
  8 ball pythons
  6 bats
  3 frilled lizards (D:1)
  11 kobolds
  5 rats
175 creatures vanquished.

Vanquished Creatures (others)
  An adder zombie (Sewer)
  A bat zombie (Sewer)
  An endoplasm (Sewer)
  2 kobold zombies (Sewer)
5 creatures vanquished.

Grand Total: 180 creatures vanquished

Notes
Turn   | Place    | Note
-------+----------+-------------------------------------------
     0 | D:1      | qw the Gargoyle Fighter began the quest for the Orb.
     0 | D:1      | Reached XP level 1. HP: 14/14 MP: 1/1
     0 | D:1      | 0 ||| qw: Version: 0.2-a-98-g5d7165a
     0 | D:1      | 0 ||| qw: Game counter: 51
     0 | D:1      | 0 ||| qw: Always use a shield: true
     0 | D:1      | 0 ||| qw: God list: Okawaru
     0 | D:1      | 0 ||| qw: Allow faded altars: false
     0 | D:1      | 0 ||| qw: Do Orc after D:15 true
     0 | D:1      | 0 ||| qw: Do second Lair branch before Depths: true
     0 | D:1      | 0 ||| qw: Lair rune preference: random
     0 | D:1      | 0 ||| qw: Plans: Normal, Zot:1-4, God:TSO, Crypt, Tomb,
                  | Pan, Slime:5, Hells, Abyss, Win
     0 | D:1      | 0 ||| PLANNING D:1-11
    86 | D:1      | Reached skill level 2 in Axes
   120 | D:1      | 120 ||| Stepping ~*~*~tactically~*~*~ (stealth).
   121 | D:1      | 121 ||| Stepping ~*~*~tactically~*~*~ (stealth).
   130 | D:1      | Reached XP level 2. HP: 18/19 MP: 2/2
   171 | D:1      | 171 ||| Stepping ~*~*~tactically~*~*~ (stealth).
   173 | D:1      | 173 ||| Stepping ~*~*~tactically~*~*~ (stealth).
   181 | D:1      | 181 ||| Stepping ~*~*~tactically~*~*~ (stealth).
   371 | D:1      | Reached skill level 3 in Axes
   529 | D:1      | Reached XP level 3. HP: 23/23 MP: 3/3
   603 | D:1      | 603 ||| UPGRADING to +0 helmet.
   608 | D:1      | 608 ||| READING scroll labelled KYIBBOPSED.
   609 | D:1      | 609 ||| READING scroll labelled YGOMAU NUDUHOEZ.
   610 | D:1      | 610 ||| READING scroll labelled UFIAH IXZUQU.
   611 | D:1      | 611 ||| READING scroll labelled GIOKI TICWAIRU.
   741 | D:2      | 741 ||| Stepping ~*~*~tactically~*~*~ (hiding).
   781 | D:2      | Reached skill level 1 in Throwing
   820 | D:2      | Noticed Sigmund
   828 | D:2      | Killed Sigmund
   829 | D:2      | Reached skill level 5 in Axes
   829 | D:2      | Reached XP level 4. HP: 10/28 MP: 4/4
   829 | D:2      | Reached XP level 5. HP: 11/32 MP: 5/5
   927 | D:2      | Noticed Natasha
   935 | D:2      | Killed Natasha
  1002 | D:2      | Noticed Natasha
  1003 | D:2      | 1003 ||| Stepping ~*~*~tactically~*~*~ (stealth).
  1005 | D:2      | 1005 ||| Stepping ~*~*~tactically~*~*~ (hiding).
  1012 | D:2      | Killed Natasha
  1013 | D:2      | Reached XP level 6. HP: 35/38 MP: 6/6
  1117 | D:2      | Noticed Natasha
  1118 | D:2      | 1118 ||| Stepping ~*~*~tactically~*~*~ (stealth).
  1120 | D:2      | 1120 ||| Stepping ~*~*~tactically~*~*~ (hiding).
  1126 | D:2      | Killed Natasha
  1232 | D:2      | Found a faded altar of an unknown god.
  1615 | D:2      | 1615 ||| READING 4 scrolls labelled QORUZO ILESA.
  1616 | D:2      | 1616 ||| READING scroll labelled XYNA HAMOU.
  1617 | D:2      | 1617 ||| DRINKING 2 glowing yellow potions.
  1618 | D:2      | 1618 ||| DRINKING 3 viscous dark potions.
  1619 | D:2      | 1619 ||| DRINKING 2 fizzy silvery potions.
  1659 | D:2      | 1659 ||| READING 3 scrolls of identify.
  1659 | D:2      | 1659 ||| IDENTIFYING metallic blue potion
  1660 | D:2      | 1660 ||| READING 2 scrolls of identify.
  1660 | D:2      | 1660 ||| IDENTIFYING smoky brown potion
  1661 | D:2      | 1661 ||| DROPPING potion of degeneration.
  1732 | D:3      | 1732 ||| Stepping ~*~*~tactically~*~*~ (stealth).
  1846 | D:3      | Found a runed translucent door.
  1847 | D:3      | Noticed Crazy Yiuf
  1930 | D:3      | 1930 ||| Stepping ~*~*~tactically~*~*~ (stealth).
  2081 | D:3      | 2081 ||| Stepping ~*~*~tactically~*~*~ (hiding).
  2567 | D:3      | 2567 ||| UPGRADING to +0 chain mail.
  2577 | D:3      | 2577 ||| DROPPING +0 scale mail.
  2578 | D:3      | 2578 ||| DROPPING +6 ring of intelligence.
  2579 | D:3      | 2579 ||| READING scroll labelled WOGGYV FUDIUWA.
  2629 | D:3      | 2629 ||| READING scroll labelled COGA JIUWNISM.
  2658 | D:3      | 2658 ||| READING 2 scrolls of identify.
  2658 | D:3      | 2658 ||| IDENTIFYING yellow potion
  2706 | D:4      | 2706 ||| PLANNING SEWER
  2780 | D:4      | 2780 ||| Stepping ~*~*~tactically~*~*~ (stealth).
  2801 | D:4      | 2801 ||| Stepping ~*~*~tactically~*~*~ (stealth).
  2985 | D:4      | Found a glowing drain.
  2995 | Sewer    | Entered a sewer
  3040 | Sewer    | 3040 ||| Stepping ~*~*~tactically~*~*~ (stealth).
  3086 | Sewer    | 3086 ||| Stepping ~*~*~tactically~*~*~ (stealth).
  3167 | D:4      | 3167 ||| PLANNING D:1-11
  3304 | D:4      | Found a broken altar of Ashenzari.
  3904 | D:4      | 3904 ||| UPGRADING to ring of resist corrosion.
  3905 | D:4      | 3905 ||| READING scroll labelled PECOEC VAMOESCH.
  3906 | D:4      | 3906 ||| READING scroll labelled VOHEXKI PUQERU.
  3907 | D:4      | 3907 ||| READING 2 scrolls of identify.
  3907 | D:4      | 3907 ||| IDENTIFYING cyan potion
  3940 | D:5      | Entered Level 5 of the Dungeon
  3957 | D:5      | Reached skill level 6 in Axes
  3957 | D:5      | Reached XP level 7. HP: 43/43 MP: 7/7
  4133 | D:5      | Noticed Pikel
  4145 | D:5      | HP: 9/43 [Pikel/+1 whip of flaming (8)]
  4146 | D:5      | 4146 ||| READING scroll of teleportation.
  4147 | D:5      | 4147 ||| DRINKING 4 potions of heal wounds.
  4255 | D:5      | Noticed Duvessa
  4256 | D:5      | Noticed Dowan
  4267 | D:5      | Killed Duvessa
  4271 | D:5      | Killed Dowan
  4272 | D:5      | Reached skill level 1 in Dodging
  4394 | D:5      | 4394 ||| Stepping ~*~*~tactically~*~*~ (hiding).
  4408 | D:5      | Reached skill level 7 in Axes
  4409 | D:5      | 4409 ||| Stepping ~*~*~tactically~*~*~ (hiding).
  4459 | D:5      | 4459 ||| Stepping ~*~*~tactically~*~*~ (stealth).
  4478 | D:5      | HP: 11/44 [Pikel/+1 whip of flaming (8)]
  4479 | D:5      | 4479 ||| DRINKING 3 potions of heal wounds.
  4491 | D:5      | HP: 11/44 [Pikel/+1 whip of flaming (1)]
  4492 | D:5      | 4492 ||| DRINKING 2 potions of heal wounds.
  4499 | D:5      | Killed Pikel
  4500 | D:5      | Reached XP level 8. HP: 21/53 MP: 8/8
  4614 | D:5      | 4614 ||| DROPPING +0 mace.
  4657 | D:5      | 4657 ||| Stepping ~*~*~tactically~*~*~ (hiding).
  4671 | D:5      | 4671 ||| DROPPING +1 whip of flaming.
  5120 | D:5      | 5120 ||| READING scroll labelled BINOMAM SINYTA.
  5121 | D:5      | 5121 ||| READING scroll labelled PAMADD OHILI.
  5305 | D:6      | Identified the +4 ring mail of the Heron {rCorr}
  5344 | D:6      | 5344 ||| STAIRDANCE
  5345 | D:5      | Found a staircase to the Ecumenical Temple.
  5346 | D:5      | 5346 ||| PLANNING TEMPLE
  5353 | D:5      | 5353 ||| READING 2 scrolls of identify.
  5353 | D:5      | 5353 ||| IDENTIFYING smoky emerald potion
  5354 | D:5      | 5354 ||| DROPPING potion of flight.
  5357 | Temple   | Entered the Ecumenical Temple
  5540 | Temple   | 5540 ||| PLANNING D:1-11
  5670 | D:6      | Reached skill level 8 in Axes
  5719 | D:6      | HP: 12/53 [orc warrior/+0 glaive (21)]
  5720 | D:6      | 5720 ||| DRINKING potion of heal wounds.
  5728 | D:6      | HP: 13/53 [orc warrior/+0 glaive (18)]
  5730 | D:6      | Reached XP level 9. HP: 14/57 MP: 9/9
  5916 | D:6      | Found a bloodstained altar of Trog.
  6181 | D:6      | Identified the +4 quarterstaff of Checkmate {protect,
                  | Int+4}
  6404 | D:6      | Noticed Edmund
  6415 | D:6      | Killed Edmund
  6469 | D:6      | 6469 ||| DROPPING +0 flail of protection.
  6636 | D:6      | 6636 ||| UPGRADING to +0 plate armour.
  6646 | D:6      | 6646 ||| DROPPING +0 chain mail.
  6647 | D:6      | 6647 ||| READING scroll labelled KONEEM QUOGH.
  6675 | D:7      | Found Xuweq's Armour Boutique.
  6717 | D:7      | 6717 ||| Stepping ~*~*~tactically~*~*~ (hiding).
  6719 | D:7      | 6719 ||| Stepping ~*~*~tactically~*~*~ (hiding).
  6728 | D:7      | HP: 14/57 [orc warrior/+0 glaive (13)]
  6729 | D:7      | 6729 ||| DRINKING 2 potions of curing.
  6729 | D:7      | 6729 ||| (to cure confusion)
  6730 | D:7      | 6730 ||| READING scroll of teleportation.
  6731 | D:7      | 6731 ||| DRINKING potion of heal wounds.
  6756 | D:7      | 6756 ||| Stepping ~*~*~tactically~*~*~ (stealth).
  6757 | D:7      | 6757 ||| Stepping ~*~*~tactically~*~*~ (stealth).
  6760 | D:7      | 6760 ||| Stepping ~*~*~tactically~*~*~ (stealth).
  6763 | D:7      | 6763 ||| Stepping ~*~*~tactically~*~*~ (stealth).
  6765 | D:7      | 6765 ||| Stepping ~*~*~tactically~*~*~ (stealth).
  6768 | D:7      | 6768 ||| Stepping ~*~*~tactically~*~*~ (stealth).
  6802 | D:7      | 6802 ||| Stepping ~*~*~tactically~*~*~ (stealth).
  6804 | D:7      | 6804 ||| Stepping ~*~*~tactically~*~*~ (stealth).
  6842 | D:7      | 6842 ||| Stepping ~*~*~tactically~*~*~ (stealth).
  6973 | D:7      | 6973 ||| Stepping ~*~*~tactically~*~*~ (hiding).
  6975 | D:7      | 6975 ||| Stepping ~*~*~tactically~*~*~ (hiding).
  6987 | D:7      | Found a flagged portal.
  6993 | D:7      | 6993 ||| Stepping ~*~*~tactically~*~*~ (stealth).
  7115 | D:7      | Noticed a centaur warrior
  7116 | D:7      | Noticed a two-headed ogre
  7116 | D:7      | Noticed qw's ghost (novice GrFi)
  7117 | D:7      | Found a transporter.
  7139 | D:7      | Reached skill level 9 in Axes
  7509 | D:7      | Found a hazy altar of Hepliaklqana.
  7620 | D:7      | Found a transporter.
  7734 | D:7      | 7734 ||| Stepping ~*~*~tactically~*~*~ (hiding).
  7755 | D:7      | 7755 ||| Stepping ~*~*~tactically~*~*~ (stealth).
  7757 | D:7      | 7757 ||| Stepping ~*~*~tactically~*~*~ (hiding).
  7758 | D:7      | 7758 ||| Stepping ~*~*~tactically~*~*~ (hiding).
  7760 | D:7      | 7760 ||| Stepping ~*~*~tactically~*~*~ (hiding).
  7795 | D:7      | HP: 14/57 [orc warrior/+0 glaive (3)]
  7796 | D:7      | 7796 ||| DRINKING potion of heal wounds.
  7972 | D:7      | 7972 ||| READING scroll labelled JASATHREODD.
  7973 | D:7      | 7973 ||| READING 5 scrolls of identify.
  7973 | D:7      | 7973 ||| IDENTIFYING fuming white potion
  7974 | D:7      | 7974 ||| DROPPING potion of brilliance.
  8052 | D:7      | 8052 ||| STAIRDANCE
  8063 | D:6      | Reached skill level 6 in Armour
  8221 | D:8      | Noticed a hornet
  8226 | D:8      | Killed a hornet
  8244 | D:8      | 8244 ||| Stepping ~*~*~tactically~*~*~ (stealth).
  8316 | D:8      | Noticed a polar bear
  8317 | D:8      | Noticed a rime drake
  8318 | D:8      | 8318 ||| Stepping ~*~*~tactically~*~*~ (stealth).
  8319 | D:8      | 8319 ||| Stepping ~*~*~tactically~*~*~ (stealth).
  8320 | D:8      | 8320 ||| Stepping ~*~*~tactically~*~*~ (stealth).
  8334 | D:8      | Reached skill level 10 in Axes
  8334 | D:8      | Reached XP level 10. HP: 51/63 MP: 10/10
  8372 | D:8      | 8372 ||| Stepping ~*~*~tactically~*~*~ (stealth).
  8447 | D:8      | 8447 ||| Stepping ~*~*~tactically~*~*~ (stealth).
  8449 | D:8      | 8449 ||| Stepping ~*~*~tactically~*~*~ (stealth).
  8497 | D:8      | Found a staircase to the Lair.
  8512 | D:8      | 8512 ||| READING scroll of enchant weapon.
  8512 | D:8      | 8512 ||| ENCHANTING +1 war axe of chaos.
  8682 | D:8      | Noticed Erica
  8705 | D:8      | HP: 16/64 [something (8)]
  8707 | D:8      | Killed Erica
  9109 | D:8      | 9109 ||| UPGRADING to +0 cloak.
  9114 | D:8      | 9114 ||| READING scroll labelled RIXKEL GARO.
  9130 | D:9      | Noticed a two-headed ogre
  9131 | D:9      | 9131 ||| Stepping ~*~*~tactically~*~*~ (stealth).
  9140 | D:9      | HP: 9/64 [two-headed ogre/+0 giant spiked club (10)]
  9141 | D:9      | Killed a two-headed ogre
  9357 | D:9      | 9357 ||| Stepping ~*~*~tactically~*~*~ (stealth).
  9358 | D:9      | 9358 ||| Stepping ~*~*~tactically~*~*~ (stealth).
  9375 | D:9      | 9375 ||| Stepping ~*~*~tactically~*~*~ (stealth).
  9396 | D:9      | Noticed an orange demon
  9397 | D:9      | 9397 ||| Stepping ~*~*~tactically~*~*~ (hiding).
  9398 | D:9      | Noticed Amaemon
  9399 | D:9      | 9399 ||| Stepping ~*~*~tactically~*~*~ (hiding).
  9400 | D:9      | Noticed Erolcha
  9417 | D:9      | HP: 9/64 [Amaemon/-1 demon whip of venom (9)]
  9418 | D:9      | Killed Amaemon
  9419 | D:9      | HP: 4/64 [orange demon[Amaemon] (5)]
  9423 | D:9      | Slain by an orange demon

Levels and vault maps discovered:
D:1:      beargit_arrival_diablo_church, layout_basic
D:2:      layout_loops_ring, shapermc_ecumenical_altar_mp_urbaneastern,
          due_unseen_surprise, uniq_sigmund, uniq_natasha
D:3:      layout_basic, minmay_strange_pillars, uniq_crazy_yiuf_cottage
D:4:      layout_loops_corners, nicolae_ashenzari_skybound, portal_sewer_entry_d
D:5:      layout_loops_ring, minmay_temple_entry_from_below_b, uniq_duvessa,
          uniq_pikel, uniq_grinder
D:6:      nicolae_BIG_FREAKIN_CUBE, layout_gridville,
          mainiacjoe_overflow_alcove_2, uniq_edmund
D:7:      layout_loops_corners, nicolae_hepliaklqana_hippocampus,
          enter_bailey_5, serial_shops, nicolae_shop_trees,
          gammafunk_ghost_arena, nicolae_fountain_basement
D:8:      layout_gridville, hellmonk_lair_entry_icy, uniq_erica
D:9:      layout_roguey, grunt_ministairs_4, uniq_amaemon, uniq_erolcha
Temple:   nicolae_temple_bog_church

Skill      XL: |  1  2  3  4  5  6  7  8  9 10 |
---------------+-------------------------------+-----
Axes           | 2 3 5 6 7 8 10 | 10.8
Throwing       | 1 2 4 |  4.1
Fighting       | 4 7 8 |  8.3
Dodging        | 1 |  1.5
Armour         | 4 6 7 |  7.3
Shields        | 4 5 |  5.1

Action                     |  1- 3 |  4- 6 |  7- 9 | 10-12 || total
---------------------------+-------+-------+-------+-------++-------
  Melee: War axe           |    55 |   103 |   325 |    85 ||   568
  Throw: Javelin           |    10 |    36 |    19 |     3 ||    68
         Boomerang         |       |       |    11 |    11 ||    22
    Use: Scroll            |     4 |    10 |     8 |     2 ||    24
         Potion            |       |     3 |     7 |       ||    10
 Armour: Scale mail        |    28 |    23 |       |       ||    51
         Chain mail        |       |    28 |    87 |       ||   115
         Plate armour      |       |       |    92 |    81 ||   173
  Dodge: Dodged            |    19 |    30 |    99 |    29 ||   177
  Block: Buckler           |     5 |    23 |    47 |    15 ||    90

Table legend:
 A = Non-vault XP
 B = Vault XP
 C = Vault XP percentage of total XP
 D = Non-vault monster count
 E = Vault monster count
 F = Vault count percentage of total count
                 A         B        C        D         E       F
            +---------+---------+-------+---------+---------+-------
      Total |    3359 |    5392 |  61.6 |     131 |      41 |  23.8
            +---------+---------+-------+---------+---------+-------
        D:1 |      36 |       0 |   0.0 |      21 |       0 |   0.0
        D:2 |      91 |     249 |  73.2 |      12 |       2 |  14.3
        D:3 |      33 |       0 |   0.0 |      13 |       0 |   0.0
        D:4 |     148 |      13 |   8.1 |      12 |       1 |   7.7
        D:5 |     542 |     843 |  60.9 |      22 |       3 |  12.0
        D:6 |     900 |     295 |  24.7 |      21 |       2 |   8.7
        D:7 |     792 |      92 |  10.4 |      21 |       8 |  27.6
        D:8 |     547 |    2114 |  79.4 |       4 |       8 |  66.7
        D:9 |     270 |    1753 |  86.7 |       5 |       6 |  54.5
      Sewer |       0 |      33 | 100.0 |       0 |      11 | 100.0
            +---------+---------+-------+---------+---------+-------
